 Dungeon Crawl Stone Soup version 0.28.0-53-g5a82cb258f (webtiles) character file.

Game seed: 10142404089344603181

422 Sin92 the Skirmisher (level 6, 0/48 HPs)
             Began as a Demonspawn Fighter on June 28, 2022.
             Slain by a hornet (10 damage)
             ... on level 5 of the Dungeon.
             The game lasted 00:03:56 (4428 turns).

Sin92 the Skirmisher (Demonspawn Fighter)           Turns: 4428, Time: 00:03:56

Health: 0/48       AC:  7    Str: 19    XL:     6   Next: 63%
Magic:  6/6        EV: 10    Int:  9    God:
Gold:   126        SH:  5    Dex: 12    Spells: 5/5 levels left

rFire   . . .      SeeInvis .   a - +1 trident (elec)
rCold   . . .      Faith    .   c - +0 buckler
rNeg    . . .      Spirit   .   b - +0 scale mail
rPois   .          Reflect  .   (no helmet)
rElec   .          Harm     .   (no cloak)
rCorr   .          Rampage  .   (no gloves)
Will    .....                   (no boots)
Stlth   ..........              (no amulet)
HPRegen 0.16/turn               (no ring)
MPRegen 0.10/turn               (no ring)

@: lethally poisoned (0 -> -3), slowed, very slow
A: claws 1, weakness stinger 2
a: no special abilities


You were on level 5 of the Dungeon.
You visited 1 branch of the dungeon, and saw 5 of its levels.

You collected 126 gold pieces.

Inventory:

Hand Weapons
 a - a +1 trident of electrocution (weapon)
Missiles
 k - a throwing net (quivered)
Armour
 b - a +0 scale mail (worn)
 c - a +0 buckler (worn)
Wands
 g - a wand of flame (22)
 n - a wand of paralysis (4)
 p - a wand of digging (3)
Scrolls
 e - 5 scrolls of identify
Potions
 d - a potion of might
 h - 2 potions of cancellation
 i - a potion of brilliance {unknown}
 j - 2 potions of attraction {unknown}
 q - a potion of mutation {unknown}


   Skills:
 + Level 4.2 Fighting
 + Level 3.2 Polearms
 + Level 3.9 Armour
 + Level 2.5 Dodging
 + Level 3.8 Shields


You had 5 spell levels left.
You didn't know any spells.
Your spell library contained the following spells:

 Spells                   Type           Power      Damage    Failure   Level
 Blink                    Tloc           0%         N/A       93%         2
 Manifold Assault         Tloc           0%         N/A       100%        5
 Storm Form               Tmut/Air       0%         N/A       100%        7


Dungeon Overview and Level Annotations

Branches:
Dungeon (5/15)
 Temple: D:4-7

Altars:
Trog
Xom
Yredelemnul
Zin
The Shining One


Innate Abilities, Weirdness & Mutations

You have sharp fingernails.
You have a tail ending in a sharp stinger.


Message History

You block the orc's attack. You block the hornet's attack.
The orc barely misses you. x2
You block the hornet's attack. The orc hits you with a +0 mace.
The hornet stings you!
You feel as though you will be slow longer.
You feel yourself speed up. The orc hits you but does no damage.
The hornet stings you!
You are poisoned.
You feel yourself slow down.
You feel very sick. The hornet misses you. The hornet barely misses you.
You feel yourself speed up.
You feel sick. You block the hornet's attack.
It was a potion of curing.
You feel better. The hornet stings you.
You are poisoned.
You feel yourself slow down. The hornet closely misses you.
You feel better.
You feel yourself speed up. The hornet barely misses you.
The hornet stings you.
You are poisoned.
You feel yourself slow down.
You feel better. The hornet stings you.
You feel as though you will be slow longer.
The hornet stings you.
You are poisoned.
You feel as though you will be slow longer.
You hit the hornet. Lightning courses through the hornet!
Your tail-slap misses the hornet.
The hornet is heavily wounded.
You feel very sick.
The hornet stings you but does no damage. x3
You barely miss the hornet.
The hornet is heavily wounded.
You feel very sick. You block the hornet's attack.
The hornet barely misses you.
You barely miss the hornet.
Your tail-slap misses the hornet.
The hornet is heavily wounded.
You feel very sick. The hornet stings you!
You die...

............#
............#+# #
....$.......... ..
.......#....... ...
#................
#........... ..
##........###.#####
.......<.oy@.......
..........###.#####
...........# #
.........o.#
....##.....#
...........+
##.###.....# #
.........
.##.....#+#


You could see a hornet and an orc.

Vanquished Creatures
  An ogre (D:4)
  A phantom (D:4)
  A gnoll shaman (D:4)
  A centaur skeleton (D:4)
  Jessica (D:2)
  An iguana (D:4)
  3 gnolls (D:4)
  4 adders
  2 worms
  2 dart slugs
  5 ball pythons
  2 bats
  5 endoplasms
  5 giant cockroaches
  6 goblins
  11 hobgoblins
  3 jackals (D:1)
  6 quokkas
  8 frilled lizards
  8 kobolds
  6 rats
82 creatures vanquished.

Notes
Turn   | Place    | Note
-------+----------+-------------------------------------------
     0 | D:1      | Sin92 the Demonspawn Fighter began the quest for the Orb.
     0 | D:1      | Reached XP level 1. HP: 18/18 MP: 1/1
   440 | D:1      | Discovered your monstrous ancestry.
   440 | D:1      | Gained mutation: You have sharp fingernails. [demonic
                  | ancestry]
   440 | D:1      | Reached XP level 2. HP: 24/24 MP: 2/2
   995 | D:1      | Gained mutation: You have a small tail. [demonic ancestry]
   995 | D:1      | Reached XP level 3. HP: 29/29 MP: 3/3
  1255 | D:2      | Reached skill level 1 in Dodging
  1608 | D:2      | Found a faded altar of an unknown god.
  1759 | D:2      | Noticed Jessica
  1775 | D:2      | Killed Jessica
  1776 | D:2      | Gained mutation: You have a tail ending in a sharp stinger.
                  | [demonic ancestry]
  1776 | D:2      | Reached XP level 4. HP: 30/35 MP: 4/4
  2549 | D:3      | Found a shimmering altar of Xom.
  2656 | D:3      | Found a basalt altar of Yredelemnul.
  2659 | D:3      | Noticed a profane servitor
  2703 | D:3      | Noticed an angel
  3397 | D:4      | Reached XP level 5. HP: 33/42 MP: 5/5
  3490 | D:4      | Noticed an ogre
  3498 | D:4      | Killed an ogre
  3673 | D:4      | Reached skill level 4 in Fighting
  3673 | D:4      | Reached XP level 6. HP: 47/48 MP: 6/6
  4178 | D:4      | Found a bloodstained altar of Trog.
  4408 | D:5      | Entered Level 5 of the Dungeon
  4410 | D:5      | Noticed a hornet
  4428 | D:5      | Slain by a hornet

Illustrated notes

Levels and vault maps discovered:
D:1:      minmay_arrival_jagged, layout_basic, serial_curves, eino_curves_02,
          eino_curves_02, minivault_23, minmay_statues_item
D:2:      layout_loops_corners, basic_ecumenical_altar, uniq_jessica
D:3:      layout_basic, grunt_temple_overflow_holy_war, old_standard_altar,
          overflow_temple_1_default, minmay_quantized
D:4:      layout_basic, mainiacjoe_overflow_24_doors
D:5:      layout_basic, led_sif_book, water_boxes_lemuel

Skill      XL: |  1  2  3  4  5 |
---------------+----------------+-----
Polearms       | 2 3 |  3.2
Shields        | 3 |  3.8
Armour         | 3 |  3.9
Dodging        | 1 2 |  2.5
Fighting       | 4 |  4.2

Action                   |  1- 3 |  4- 6 || total
-------------------------+-------+-------++-------
Melee: Trident           |   121 |   180 ||   301
       Tailslap          |     3 |    24 ||    27
  Use: Scroll            |       |    10 ||    10
       Potion            |       |     5 ||     5
Armor: Scale mail        |    29 |    62 ||    91
Dodge: Dodged            |    33 |    78 ||   111
Block: Buckler           |    19 |    39 ||    58
